 Dungeon Crawl Stone Soup version 0.24.0-124-g2791043dd8 (webtiles) character file.

Game seed: 9151393504218791298, levelgen mode: deterministic

231470 Johnny the Impaler (level 18, -4/136 HPs)
             Began as a Demigod Gladiator on Feb 16, 2020.
             Slain by a spatial maelstrom (18 damage)
             ... on level 2 of the Abyss.
             The game lasted 00:58:09 (36153 turns).

Johnny the Impaler (Demigod Gladiator)             Turns: 36153, Time: 00:58:09

Health: -4/136     AC: 18    Str: 35    XL:     18   Next: 45%
Magic:  0/30       EV: 19    Int:  8    God:
Gold:   1278       SH:  0    Dex: 17    Spells: 17/17 levels left

rFire    . . .     SeeInvis .   e - +9 halberd (freeze)
rCold    . . .     Gourm    .   (shield currently unavailable)
rNeg     + . .     Faith    .   n - +4 troll leather armour
rPois    .         Spirit   +   D - +0 helmet of Qyblim {rN+ MP+9}
rElec    .         Reflect  .   I - scarf {Spirit}
rCorr    +         Harm     .   w - +0 pair of gloves
MR       +....                  d - +4 pair of boots of Rizurghu {Str+6 Slay+3}
Stlth    ++........             T - amulet of rage
HPRegen  0.72/turn              y - ring of Xom's Condemnation {Slay+3 Stlth+}
MPRegen  0.22/turn              J - ring of resist corrosion

@: about to teleport, heavily drained
A: [dopey 2], [frail 2], high mp 1
a: Evoke Berserk Rage


You were on level 2 of the Abyss.
You were not hungry.

You visited 4 branches of the dungeon, and saw 26 of its levels.
You visited the Abyss 1 time.
You visited 1 bazaar.
You also visited: Gauntlet, Ice Cave and Desolation.

You collected 2898 gold pieces.
You spent 1620 gold pieces at shops.

Inventory:

Hand Weapons
 e - a +9 halberd of freezing (weapon)
 p - a +4 vampiric glaive
 A - a +5 halberd of flaming
Missiles
 R - 3 throwing nets (quivered)
Armour
 d - the +4 pair of boots of Rizurghu (worn) {Str+6 Slay+3}
   (You found it in the Desolation of Salt)

   It affects your strength (+6).
   It affects your accuracy and damage with ranged weapons and melee attacks
   (+3).
 n - a +4 troll leather armour (worn)
 w - a +0 pair of gloves (worn)
 D - the +0 helmet of Qyblim (worn) {rN+ MP+9}
   (You found it in the Desolation of Salt)

   It protects you from negative energy.
   It affects your magic capacity (+9).
 I - a scarf of spirit shield (worn)
Jewellery
 v - an uncursed ring of fire
 y - the ring of Xom's Condemnation (left hand) {Slay+3 Stlth+}
   (You bought it in a shop on level 6 of the Dungeon)

   [ring of stealth]

   It affects your accuracy and damage with ranged weapons and melee attacks
   (+3).
   It makes you more stealthy.
 H - a +5 amulet of reflection
 J - a ring of resist corrosion (right hand)
 L - an uncursed ring of ice
 T - an amulet of rage (around neck)
Wands
 a - a wand of paralysis (27)
 j - a wand of polymorph (17)
 r - a wand of iceblast (11)
 E - a wand of flame (84)
 N - a wand of enslavement (11)
 O - a wand of digging (4)
Scrolls
 b - 4 scrolls of noise
 g - a scroll of fear
 h - a scroll of teleportation
 k - 5 scrolls of immolation
 l - 5 scrolls of fog
 o - 5 scrolls of enchant armour
 t - 8 scrolls of identify
 G - 2 scrolls of brand weapon
 K - 2 scrolls of magic mapping
 M - 2 scrolls of holy word
 S - 4 scrolls of remove curse
 U - a scroll of vulnerability
 Y - 3 scrolls of blinking
Potions
 c - 8 potions of curing
 i - 2 potions of cancellation
 m - a potion of resistance
 q - 4 potions of mutation
 u - 2 potions of flight
 x - 2 potions of might
 z - 4 potions of magic
 B - 3 potions of brilliance
 C - 3 potions of haste
 F - a potion of agility
 P - a potion of ambrosia
Miscellaneous
 s - a lightning rod (4/4)
 V - a lamp of fire
 W - a sack of spiders
 Z - a phial of floods
Comestibles
 f - 37 rations


   Skills:
 + Level 17.3(14.6) Fighting
 + Level 18.7(15.9) Polearms
 - Level 1.7(0.0) Throwing
 + Level 12.2(9.7) Armour
 + Level 12.4(10.0) Dodging


You had 17 spell levels left.
You didn't know any spells.
Your spell library contained the following spells:

 Spells                   Type           Power        Failure   Level  Hunger
 Apportation              Tloc           #.....       43%         1    ##.....
 Freeze                   Ice            #...         43%         1    ##.....
 Infusion                 Chrm           #...         43%         1    ##.....
 Shock                    Conj/Air       #...         43%         1    ##.....
 Summon Small Mammal      Summ           #...         43%         1    ##.....
 Call Imp                 Summ           #.......     56%         2    ###....
 Poisonous Vapours        Pois/Air       #.....       56%         2    ###....
 Shroud of Golubria       Chrm/Tloc      #.....       56%         2    ###....
 Song of Slaying          Chrm           #.......     56%         2    ###....
 Swiftness                Chrm/Air       #.......     56%         2    ###....
 Throw Frost              Conj/Ice       #.....       56%         2    ###....
 Call Canine Familiar     Summ           #.......     80%         3    ####...
 Conjure Flame            Conj/Fire      #.......     80%         3    ####...
 Mephitic Cloud           Conj/Pois/Air  #.......     80%         3    ####...
 Ozocubu's Armour         Chrm/Ice       #.......     80%         3    ####...
 Regeneration             Chrm/Necr      #.........   80%         3    ####...
 Spectral Weapon          Hex/Chrm       #.......     80%         3    ####...
 Spider Form              Tmut/Pois      #.........   80%         3    ####...
 Summon Guardian Golem    Hex/Summ       #.......     80%         3    ####...
 Airstrike                Air            #.........   99%         4    #####..
 Cause Fear               Hex            #.........   99%         4    #####..
 Ice Form                 Ice/Tmut       #.......     99%         4    #####..
 Summon Ice Beast         Ice/Summ       #.......     99%         4    #####..
 Summon Lightning Spire   Summ/Air       #.......     99%         4    #####..
 Throw Icicle             Conj/Ice       #.......     99%         4    #####..
 Alistair's Intoxication  Tmut/Pois      #.......     100%        5    ######.
 Metabolic Englaciation   Hex/Ice        #.........   100%        5    ######.
 Silence                  Hex/Air        #.........   100%        5    ######.
 Summon Forest            Summ/Tloc      #.........   100%        5    ######.
 Yara's Violent Unravell  Hex/Tmut       #.........   100%        5    ######.
 Bolt of Cold             Conj/Ice       #.........   100%        6    #######
 Deflect Missiles         Chrm/Air       #.........   100%        6    #######
 Freezing Cloud           Conj/Ice/Air   #.........   100%        6    #######
 Ozocubu's Refrigeration  Ice            #.........   100%        6    #######
 Simulacrum               Ice/Necr       #.........   100%        6    #######
 Statue Form              Tmut/Erth      #........    100%        6    #######
 Ring of Flames           Chrm/Fire      #.........   100%        7    #######
 Discord                  Hex            #.........   100%        8    #######


Dungeon Overview and Level Annotations

Branches:
Dungeon (15/15)            Temple (0/1) D:5            Lair (6/6) D:11
 Shoals (0/4) Lair:4       Spider (0/4) Lair:3        Slime (0/5) Lair:5
    Orc (2/2) D:11            Elf (3/3) Orc:2        Vaults (0/5) D:14
 Depths (0/5) D:15          IceCv (visited)         Desolation (visited)
Gauntlet (visited)

Shops:
D:6 =   D:9 %   D:10 (   D:14 :   D:15 ?%?}   Orc:2 }=*%   Elf:3 =

Portals:
Trove: D:12 (give +6 demon blade)

Annotations:
D:15 Roxanne


Innate Abilities, Weirdness & Mutations

You have an increased reservoir of magic. (+10% MP)
[You are very dopey. (Int -4)]
[You are very frail. (-20% HP)]


Message History

A spatial vortex comes into view.
Unknown command.
Unknown command.
Unknown command.
Unknown command.
Unknown command.
A spatial vortex comes into view.
The thrashing horror tramples you.
* * * LOW HITPOINT WARNING * * *
You stumble backwards!
The spatial maelstrom misses you.
The spatial maelstrom hits you but does no damage.
Unknown command.
Unknown command.
You feel better.
The thrashing horror roars!
The thrashing horror tramples you but does no damage.
The thrashing horror misses you. The spatial maelstrom hits you.
* * * LOW HITPOINT WARNING * * *
Space warps horribly around you!!
You die...

... .#.. #. ....
.#... . X.#
........*. .XXx#.
. .v...# ..X.X. .
.# # ##v##.# .##
.# .# ...
##.....##### ##.
##
....#..v.......#h#
.#
...............#h#
## #..@Xhh..)##.#
##.xv2....# .#
##..v.3.*...
#..G#...#####
#......##.# .
...#x.# #.#
..#...##.. .#
.###.v.#.. # # .
##..


You could see a balrug, a spatial maelstrom, a wretched star, 2 hell hogs, a sun
demon, 5 spatial vortices, an ancient zyme, a thrashing horror, an eye of
draining and a small abomination.

Vanquished Creatures
  Saint Roka (Orc:2)
  Rupert (D:13)
  2 deep elf blademasters
  2 deep elf master archers (Elf:3)
  An acid blob (Lair:6)
  Frances (D:14)
  Agnes (Elf:1)
  A fire giant (D:15)
  A frost giant (IceCv)
  An imperial myrmidon (Desolation)
  3 deep elf sorcerers
  An orc warlord (Orc:2)
  3 deep elf elementalists
  An ironheart preserver (D:14)
  3 deep elf annihilators (Elf:3)
  5 deep elf demonologists
  A minotaur (Gauntlet)
  2 deep elf death magi (Elf:3)
  A crystal guardian (Desolation)
  3 death oozes (Lair:6)
  2 deep elf high priests (Elf:3)
  A great orb of eyes (Lair:6)
  2 ragged hierophants (Desolation)
  Erolcha (Orc:2)
  10 servants of whispers (Desolation)
  8 peacekeepers
  2 catoblepae
  8 two-headed ogres
  3 hydras
  7 centaur warriors
  A death knight (D:15)
  25 dancing weapons
  4 tengu warriors (D:15)
  2 death yaks (IceCv)
  6 orc high priests
  2 thrashing horrors (Abyss:2)
  10 deep elf knights
  A sixfirhy (Abyss:2)
  A wretched star (Gauntlet)
  An unseen horror (D:13)
  A flayed ghost (Abyss:2)
  2 wizards (Elf:1)
  4 harpies (D:15)
  8 deep elf archers
  6 orc sorcerers
  4 ironbrand convokers (Desolation)
  3 orc knights (Orc:2)
  33 deep elf magi
  19 ugly things
  7 cyclopes
  A manticore (D:11)
  A moth of wrath (Gauntlet)
  7 guardian serpents (Desolation)
  An elephant (Lair:6)
  Maurice (D:13)
  A merfolk siren (Lair:4)
  3 centaur zombies
  3 black mambas (Lair:6)
  A black mamba (shapeshifter) (Elf:3)
  13 spiny frogs
  4 gargoyles
  2 molten gargoyles (Desolation)
  A rime drake (Lair:3)
  2 kobold demonologists
  A freezing wraith (D:14)
  3 komodo dragons
  17 polar bears
  7 trolls
  4 hornets
  15 slime creatures
  54 saltlings (Desolation)
  9 hippogriffs
  Grinder (D:6)
  9 dream sheep (Lair:6)
  30 blink frogs
  2 vampires (D:15)
  15 spriggans
  4 air elementals
  A starcursed mass (Abyss:2)
  4 water elementals
  2 redbacks (Gauntlet)
  A spriggan (shapeshifter) (Elf:1)
  A tarantella (Orc:1)
  A redback (shapeshifter) (Elf:1)
  A wyvern (Lair:6)
  57 yaks
  A human (D:3)
  4 hungry ghosts
  A basilisk (D:11)
  10 vampire mosquitoes
  A chaos spawn (Abyss:2)
  2 steam dragons
  A small abomination (Gauntlet)
  3 swamp worms (Lair:2)
  5 wargs (Orc:2)
  An acid dragon (D:11)
  45 orc warriors
  14 water moccasins
  12 porcupines
  A hornet zombie (D:14)
  3 sky beasts
  A black bear (shapeshifter) (D:14)
  7 black bears
  9 ice beasts
  7 phantoms
  An eye of draining (D:14)
  15 centaurs
  15 ogres
  71 wolves
  4 boggarts (Lair:6)
  25 crocodiles
  9 big kobolds
  17 bullfrogs
  A gnoll sergeant (D:6)
  A wyvern zombie (D:14)
  An earth elemental (Elf:2)
  4 scorpions
  A troll zombie (D:11)
  12 killer bees
  4 howler monkeys
  3 wights (D:7)
  3 electric eels (D:10)
  10 crimson imps
  A bullfrog zombie (D:11)
  A quasit (D:12)
  9 hounds
  17 jellies
  Crazy Yiuf (D:6)
  2 bullfrog skeletons (D:12)
  31 orc priests
  3 centaur skeletons
  22 orc wizards
  A human skeleton (D:3)
  9 iguanas
  10 worker ants
  7 ogre zombies (D:11)
  2 hound skeletons
  A worker ant zombie (D:11)
  3 gnolls (D:6)
  14 adders
  10 shadow imps
  An ufetubus (Abyss:2)
  11 oozes
  4 adder skeletons
  4 worms
  7 leopard geckos
  127 orcs
  9 bats
  3 giant cockroaches
  6 goblins
  10 hobgoblins
  9 jackals
  40 kobolds
  6 quokkas
  A ball python (D:4)
  5 frilled lizards
  A goblin skeleton (D:11)
  3 goblin zombies (D:11)
  2 hobgoblin skeletons (D:11)
  A hobgoblin zombie (D:11)
  A leopard gecko skeleton (D:4)
  A leopard gecko zombie (D:9)
  An orc skeleton (D:11)
  17 orc zombies (D:11)
  10 rats
  2 crawling corpses (Elf:3)
  2 fire vortices (Lair:2)
1252 creatures vanquished.

Vanquished Creatures (collateral kills)
  A guardian serpent (Desolation)
  10 saltlings (Desolation)
  An orc warrior (Orc:2)
  2 centaurs (D:15)
  An orc priest (Orc:2)
  A gnoll (D:6)
  4 orcs
  A plant (Lair:3)
21 creatures vanquished.

Vanquished Creatures (others)
  A centaur warrior (D:15)
  A deep elf knight (Elf:2)
  A deep elf mage (Elf:2)
  3 polar bears (IceCv)
  A yak (IceCv)
  8 wolves (IceCv)
  A boggart (Elf:1)
  A gnoll shaman (Orc:2)
  An orc wizard (Orc:1)
  An orc (Orc:2)
  4 fungi (Lair:6)
  7 plants
  5 toadstools (D:1)
  9 withered plants (Gauntlet)
44 creatures vanquished.

Grand Total: 1317 creatures vanquished

Notes
Turn   | Place    | Note
-------+----------+-------------------------------------------
     0 | D:1      | Johnny the Demigod Gladiator began the quest for the Orb.
     0 | D:1      | Reached XP level 1. HP: 17/17 MP: 3/3
   118 | D:1      | Reached skill level 3 in Polearms
   338 | D:1      | Reached XP level 2. HP: 24/24 MP: 4/4
  1139 | D:2      | Reached XP level 3. HP: 25/29 MP: 5/5
  1183 | D:2      | Reached skill level 4 in Polearms
  1363 | D:2      | Found a glowing golden altar of the Shining One.
  2082 | D:2      | Reached XP level 4. HP: 28/36 MP: 6/6
  2786 | D:3      | Found a runed translucent door.
  2786 | D:3      | Noticed a human
  2792 | D:3      | Reached skill level 5 in Polearms
  2827 | D:3      | Reached XP level 5. HP: 15/41 MP: 7/7
  2891 | D:3      | Found a basalt altar of Yredelemnul.
  3095 | D:3      | Killed a human
  3095 | D:3      | Reached skill level 6 in Polearms
  3155 | D:3      | Reached XP level 6. HP: 48/48 MP: 8/8
  3611 | D:4      | Found a snail-covered altar of Cheibriados.
  3621 | D:5      | Entered Level 5 of the Dungeon
  3876 | D:4      | Reached skill level 7 in Polearms
  4128 | D:4      | Found a basalt altar of Yredelemnul.
  4202 | D:4      | Reached XP level 7. HP: 36/53 MP: 9/9
  4599 | D:4      | Reached skill level 8 in Polearms
  5350 | D:5      | Found a radiant altar of Vehumet.
  5382 | D:5      | Found a staircase to the Ecumenical Temple.
  5703 | D:6      | Noticed Grinder
  5716 | D:6      | Killed Grinder
  6007 | D:6      | Reached skill level 9 in Polearms
  6007 | D:6      | Reached XP level 8. HP: 47/63 MP: 10/10
  6353 | D:6      | Found Uriapic's Jewellery Boutique.
  6663 | D:6      | Found a runed translucent door.
  6664 | D:6      | Noticed Crazy Yiuf
  6671 | D:6      | Killed Crazy Yiuf
  6920 | D:7      | Got a spiked leather armour
  6929 | D:7      | Reached skill level 5 in Fighting
  7522 | D:8      | Reached skill level 10 in Polearms
  7558 | D:8      | Noticed a hippogriff
  7581 | D:8      | Killed a hippogriff
  7818 | D:8      | Reached XP level 9. HP: 75/75 MP: 11/11
  9103 | D:9      | Reached skill level 11 in Polearms
  9134 | D:9      | Identified the cursed +1 leather armour of Noughts and
                  | Crosses {rElec rF+ Str-4} (You found it on level 7 of the
                  | Dungeon)
  9359 | D:9      | Noticed a two-headed ogre
  9363 | D:9      | Found Fecziym's Food Shop.
  9380 | D:9      | Killed a two-headed ogre
  9849 | D:9      | Reached XP level 10. HP: 88/88 MP: 13/13
 10022 | D:9      | Noticed a two-headed ogre
 10037 | D:9      | Killed a two-headed ogre
 10826 | D:6      | Bought the ring of Xom's Condemnation {Slay+3 Stlth+} for
                  | 371 gold pieces
 10914 | D:10     | Entered Level 10 of the Dungeon
 11033 | D:10     | Reached skill level 12 in Polearms
 11128 | D:10     | Found Piur's Weapon Emporium.
 11266 | D:10     | Found a hazy altar of Hepliaklqana.
 11932 | D:11     | Noticed a manticore
 11942 | D:11     | Killed a manticore
 12178 | D:11     | Reached skill level 10 in Fighting
 12292 | D:11     | Reached XP level 11. HP: 85/99 MP: 14/14
 12325 | D:11     | Found a staircase to the Lair.
 12682 | D:11     | Noticed a six-headed hydra
 12742 | D:10     | Reached skill level 13 in Polearms
 13731 | D:11     | Noticed a two-headed ogre
 13757 | D:11     | Killed a two-headed ogre
 13820 | D:11     | Found a staircase to the Orcish Mines.
 13961 | D:12     | Found a frozen archway.
 14083 | IceCv    | Entered an ice cave
 14755 | IceCv    | Noticed a death yak
 14771 | IceCv    | Noticed a death yak
 14775 | IceCv    | Killed a death yak
 14792 | IceCv    | Killed a death yak
 14792 | IceCv    | Reached skill level 14 in Polearms
 14794 | IceCv    | Reached XP level 12. HP: 73/112 MP: 15/15
 14936 | IceCv    | Noticed a frost giant
 14968 | IceCv    | Killed a frost giant
 14974 | IceCv    | HP: 1/113 [yak (11)]
 15594 | D:13     | Noticed Maurice
 15603 | D:13     | Killed Maurice
 15716 | D:13     | Noticed a five-headed hydra
 15727 | D:13     | Killed a five-headed hydra
 15881 | D:13     | Noticed Rupert
 16048 | D:12     | Noticed a frost giant
 16263 | D:12     | Paralysed by a hornet for 3 turns
 16311 | D:12     | Reached skill level 15 in Polearms
 16834 | D:12     | Noticed an ice dragon
 16836 | D:12     | Noticed a five-headed hydra
 16929 | D:12     | Found a portal to a secret trove of treasure.
 17009 | Orc:1    | Entered Level 1 of the Orcish Mines
 17017 | Orc:1    | Noticed Nergalle
 17117 | Lair:1   | Entered Level 1 of the Lair of Beasts
 18149 | Lair:2   | Reached XP level 13. HP: 113/122 MP: 16/16
 19016 | Lair:3   | Reached skill level 1 in Armour
 19166 | Lair:3   | Found a gate leading to a gauntlet.
 19199 | Gauntlet | Entered a Gauntlet
 19199 | Gauntlet | Found a transporter.
 19199 | Gauntlet | Found a transporter.
 19199 | Gauntlet | Found a transporter.
 19343 | Gauntlet | Found a transporter.
 19346 | Gauntlet | Found a transporter.
 19348 | Gauntlet | Found a large runed translucent door.
 19349 | Gauntlet | Found a large runed translucent door.
 19350 | Gauntlet | Found a large runed translucent door.
 19350 | Gauntlet | Found a large runed translucent door.
 19350 | Gauntlet | Found a runed translucent door.
 19351 | Gauntlet | Found a large runed translucent door.
 19357 | Gauntlet | Found a transporter.
 19363 | Gauntlet | Found a transporter.
 19365 | Gauntlet | Found a transporter.
 19373 | Gauntlet | Found a large runed translucent door.
 19374 | Gauntlet | Found a large runed translucent door.
 19375 | Gauntlet | Found a large runed translucent door.
 19376 | Gauntlet | Found a runed translucent gate.
 19380 | Gauntlet | Found a transporter.
 19400 | Gauntlet | Found a transporter.
 19427 | Gauntlet | Found a transporter.
 19489 | Gauntlet | Found a large runed translucent door.
 19490 | Gauntlet | Found a large runed translucent door.
 19491 | Gauntlet | Found a large runed translucent door.
 19491 | Gauntlet | Found a large runed translucent door.
 19491 | Gauntlet | Found a runed translucent door.
 19492 | Gauntlet | Found a large runed translucent door.
 19493 | Gauntlet | Found a large runed translucent door.
 19494 | Gauntlet | Found a large runed translucent door.
 19494 | Gauntlet | Found a large runed translucent door.
 19495 | Gauntlet | Found a runed translucent gate.
 19495 | Gauntlet | Found a runed translucent gate.
 19497 | Gauntlet | Found a transporter.
 19594 | Gauntlet | Got an encrusted hat
 19612 | Gauntlet | Identified the cursed +0 hat of Boredom {Int+7 Stlth-} (You
                  | found it in a Gauntlet)
 19629 | Gauntlet | Noticed a minotaur
 19637 | Gauntlet | Killed a minotaur
 19651 | Gauntlet | Got a distressingly furry plate armour
 19665 | Gauntlet | Identified the +2 plate armour "Niseim" {-Tele rPois MP+9
                  | Int+4 Dex+4} (You found it in a Gauntlet)
 19763 | Lair:3   | Found a hole to the Spider Nest.
 20678 | Lair:3   | Got a polished ring mail
 20689 | Lair:3   | Identified the +5 ring mail of Analysis {rElec Stlth+} (You
                  | found it on level 3 of the Lair of Beasts)
 21226 | Lair:4   | Found a staircase to the Shoals.
 21476 | Lair:4   | Reached skill level 5 in Dodging
 21647 | Lair:5   | Found a staircase to the Slime Pits.
 22177 | Lair:6   | Entered Level 6 of the Lair of Beasts
 22614 | Orc:1    | Noticed Nergalle
 22614 | Orc:1    | Nergalle changed into Nergalle the cyclops
 22622 | D:11     | Killed Nergalle the cyclops
 22755 | Orc:1    | Reached skill level 16 in Polearms
 22898 | Orc:2    | Entered Level 2 of the Orcish Mines
 22936 | Orc:2    | Noticed Erolcha
 22944 | Orc:2    | Killed Erolcha
 22944 | Orc:2    | Reached skill level 5 in Armour
 23040 | Orc:2    | Reached XP level 14. HP: 133/133 MP: 17/17
 23146 | Orc:2    | Noticed Saint Roka
 23250 | Orc:2    | HP: 4/133 [Saint Roka/+0 great sword (32)]
 23253 | Orc:2    | Killed Saint Roka
 23455 | Orc:2    | Found a roughly hewn altar of Beogh.
 23635 | Orc:2    | Found Zinanloll's Gadget Emporium.
 23645 | Orc:2    | Found Isecs's Jewellery Shoppe.
 23990 | Orc:2    | Found a staircase to the Elven Halls.
 24051 | Orc:2    | Paralysed by an orc sorcerer for 6 turns
 24432 | Orc:2    | Noticed an orc warlord
 24466 | Orc:2    | Killed an orc warlord
 24598 | Orc:2    | Found a roughly hewn altar of Beogh.
 24616 | Orc:2    | Found Voecuss's Food Shoppe.
 25224 | Orc:2    | Found Tiuxoilo's General Store.
 25232 | Orc:2    | Bought a potion of curing for 36 gold pieces
 25232 | Orc:2    | Bought a scroll of identify for 24 gold pieces
 26148 | D:13     | Killed Rupert
 26519 | D:14     | Noticed Frances
 26524 | D:14     | Killed Frances
 26524 | D:14     | Reached skill level 15 in Fighting
 26902 | D:15     | Entered Level 15 of the Dungeon
 26997 | D:15     | Found Beedunku's Food Shoppe.
 27048 | D:15     | Found Xeatyq's Magic Scroll Shoppe.
 27064 | D:15     | Identified Roxanne's Incunabulum of the Rocks
 27064 | D:15     | Noticed Roxanne
 27090 | D:15     | Found Ybbedyn's Magic Scroll Shoppe.
 27189 | D:15     | Reached XP level 15. HP: 48/141 MP: 18/18
 27297 | D:15     | Found a flickering gateway to a bazaar.
 27303 | Bazaar   | Entered a bazaar
 27397 | Bazaar   | Found Zacwuneh's Antique Armour Shop.
 27418 | Bazaar   | Found Qazador's Weapon Shop.
 27434 | Bazaar   | Found Ducimy's Magic Scroll Boutique.
 27463 | Bazaar   | Found Igha's Gadget Shop.
 27496 | Bazaar   | Bought a glowing scarf for 168 gold pieces
 27525 | Bazaar   | Bought a scroll of identify for 14 gold pieces
 27525 | Bazaar   | Bought a scroll of teleportation for 21 gold pieces
 27525 | Bazaar   | Bought a scroll of identify for 14 gold pieces
 27525 | Bazaar   | Bought a scroll of enchant armour for 52 gold pieces
 27525 | Bazaar   | Bought a scroll of teleportation for 21 gold pieces
 28484 | D:14     | Found a gate to the Vaults.
 28572 | D:14     | Reached skill level 17 in Polearms
 28648 | D:14     | Found Imuu's Book Boutique.
 28839 | D:15     | Noticed a fire giant
 28840 | D:15     | Found a staircase to the Depths.
 28854 | D:15     | Killed a fire giant
 28876 | D:15     | Found Iqoatrakk's Gadget Shop.
 28995 | D:15     | Bought a scroll of identify for 38 gold pieces
 28995 | D:15     | Bought a scroll of identify for 38 gold pieces
 28995 | D:15     | Bought a scroll of identify for 38 gold pieces
 28995 | D:15     | Bought a scroll of holy word for 142 gold pieces
 28995 | D:15     | Bought a scroll of enchant armour for 142 gold pieces
 28995 | D:15     | Bought a scroll of identify for 38 gold pieces
 28995 | D:15     | Bought a scroll of enchant weapon for 142 gold pieces
 28995 | D:15     | Bought 3 scrolls of identify for 114 gold pieces
 28995 | D:15     | Bought a scroll of teleportation for 57 gold pieces
 28999 | D:15     | Reached XP level 16. HP: 139/150 MP: 17/19
 29103 | D:15     | Got a pitted trident
 29104 | D:15     | Identified the +4 trident "Rairuirph" {antimagic, +Blink}
                  | (You found it on level 15 of the Dungeon)
 29240 | D:15     | Bought a scroll of identify for 24 gold pieces
 29240 | D:15     | Bought a scroll of teleportation for 36 gold pieces
 29240 | D:15     | Bought a scroll of fog for 24 gold pieces
 29240 | D:15     | Bought a scroll of identify for 24 gold pieces
 29240 | D:15     | Bought a scroll of fear for 42 gold pieces
 30670 | Lair:6   | Found a viscous altar of Jiyva.
 30672 | Lair:6   | Noticed an acid blob
 30678 | Lair:6   | Killed an acid blob
 30678 | Lair:6   | Reached skill level 10 in Dodging
 31204 | Elf:1    | Entered Level 1 of the Elven Halls
 31403 | Elf:1    | Found a ruined gateway.
 31428 | Desolati | Entered the Desolation of Salt
 31519 | Desolati | Reached skill level 10 in Armour
 31521 | Desolati | Reached XP level 17. HP: 91/158 MP: 20/20
 31987 | Desolati | Identified the +2 robe "Temyry" {Str+2 Dex+6}
 32244 | Desolati | Got a pair of spiked boots
 32258 | Desolati | Identified the +4 pair of boots of Rizurghu {Str+6 Slay+3}
                  | (You found it in the Desolation of Salt)
 32768 | Desolati | Identified the Guide on Icy Shape Shifting
 32777 | Desolati | Identified the Guide on the Feathery Compass
 32792 | Desolati | Got a brightly glowing helmet
 32803 | Desolati | Identified the +0 helmet of Qyblim {rN+ MP+9} (You found it
                  | in the Desolation of Salt)
 33178 | Elf:1    | Reached skill level 18 in Polearms
 33710 | Elf:1    | Noticed Agnes
 33728 | Elf:1    | Killed Agnes
 34282 | Elf:2    | Noticed a Tzitzimitl
 34580 | Elf:2    | Found a runed translucent gate.
 34580 | Elf:2    | Found a runed translucent gate.
 34581 | Elf:2    | Found a runed translucent gate.
 34627 | Elf:2    | Noticed a deep elf blademaster
 34641 | Elf:2    | Killed a deep elf blademaster
 34687 | Elf:2    | Reached XP level 18. HP: 111/169 MP: 19/21
 35357 | Elf:3    | Entered Level 3 of the Elven Halls
 35450 | Elf:3    | Found Matsugof's Jewellery Boutique.
 35464 | Elf:3    | Got a scintillating emerald amulet
 35468 | Elf:3    | Identified the amulet "Jeur" {Harm *Drain rF+} (You found
                  | it on level 3 of the Elven Halls)
 35909 | Elf:3    | Cast into level 2 of the Abyss (a deep elf sorcerer)
 36153 | Abyss:2  | Slain by a spatial maelstrom

Levels and vault maps discovered:
D:1:      ldierk_walled_garden, layout_basic
D:2:      layout_loops_corners, nicolae_tso_carved_into_rock, first_ration
D:3:      layout_loops_ring, dk_yredelemnul_ordeal
D:4:      layout_layer_cave, grunt_temple_overflow_open,
          kennysheep_generic_room_14
D:5:      layout_rooms, vehumet_crystals, minmay_temple_entry_slanted
D:6:      layout_layer_cave, serial_shops, nicolae_shop_behind_doors,
          chequers_arboretum, uniq_grinder, uniq_crazy_yiuf_cottage
D:7:      layout_cave_pools, the_bakery
D:8:      layout_loops_cross
D:9:      layout_stronghold, serial_shops, nicolae_shop_crystal,
          minmay_splitting_lines
D:10:     layout_basic, basic_altar, serial_shops, shop_coins,
          minmay_door_square
D:11:     layout_roguey, minmay_lair_entry_grove, zombieorc2_lemuel
D:12:     layout_cave_pools, portal_ice_cave_entry_ice_beasts, enter_trove_6,
          onia_ninara_dug_in_and_dangerous
D:13:     layout_loops_ring, kennysheep_cross_room,
          chequers_serial_rivers_small_3, uniq_rupert, uniq_maurice
D:14:     layout_irregular_city, skrybe_vaults_entry_preservation, serial_shops,
          shop, feat_on_display, uniq_frances
D:15:     grunt_enter_depths_giant_problem, layout_grid_maze,
          minmay_misc_feat_encased, serial_shops, bzr_entry_safe, shop, shop,
          nicolae_shop_trees, shop_scrolls, hangedman_aviary, uniq_roxanne
Lair:1:   layout_loops_ring, grunt_megastairs_4
Lair:2:   layout_gridlike, worms_lemuel, infiniplex_staircase_pool_2
Lair:3:   layout_cave_pods, spider_nest_entry_web_field, gauntlet_entry_generic,
          minmay_hedge_maze, wad_woods_river_02, beast_lair_carwin_9
Lair:4:   layout_misc_corridors, elwin_shoals_entry_rooms
Lair:5:   layout_misc_corridors, nicolae_slime_entry_slimehenge, minivault_19
Lair:6:   minmay_lair_end_enchanted_forest, layout_loops_ring, special_room
          [special_room_jelly], grunt_forest_large_clearings
Orc:1:    layout_caves, uniq_nergalle
Orc:2:    pubby_orc_utopia, uniq_erolcha, uniq_saint_roka
Elf:1:    layout_geoelf_diagonals, portal_desolation_entry_twin_temple,
          hangedman_elf_disciples, uniq_agnes
Elf:2:    layout_geoelf_grid
Elf:3:    minmay_elf_hall_dome, layout_loops_corners, serial_shops, shop,
          nicolae_shop_trees, nicolae_shop_temple_entry_statues_fountains,
          nicolae_shop_window_shopping
Abyss:2:  base:
D:10

Skill      XL: |  1  2  3  4  5  6  7  8  9 10 11 12 13 14 15 16 17 18 |
---------------+-------------------------------------------------------+-----
Polearms       | 3 4 5 6 7 9 10 11 12 14 15 16 17 18 | 18.7
Fighting       | 3 5 8 10 12 13 14 15 16 17 | 17.3
Dodging        | 5 8 9 10 11 12 | 12.4
Armour         | 5 7 8 10 11 12 | 12.2
Throwing       | |  1.7

Action                   |  1- 3 |  4- 6 |  7- 9 | 10-12 | 13-15 | 16-18 || total
-------------------------+-------+-------+-------+-------+-------+-------++-------
Melee: Trident           |   165 |   234 |   508 |   723 |       |       ||  1630
       Halberd           |       |       |       |   395 |  1178 |   826 ||  2399
       Glaive            |       |       |       |       |       |   203 ||   203
Throw: Throwing net      |       |       |       |     4 |     1 |       ||     5
Evoke: Wand              |       |       |    17 |    23 |    26 |     2 ||    68
       Lightning rod     |       |       |       |     6 |     5 |       ||    11
       Sack of spiders   |       |       |       |       |     9 |       ||     9
       Lamp of fire      |       |       |       |       |     3 |     1 ||     4
       Phial of floods   |       |       |       |       |     2 |       ||     2
  Use: Scroll            |       |       |     8 |    15 |    36 |    19 ||    78
       Potion            |       |       |       |     9 |     5 |    19 ||    33
 Stab: Distracted        |       |       |     1 |     1 |     3 |     2 ||     7
       Sleeping          |       |       |       |    12 |    15 |    18 ||    45
       Confused          |       |       |       |     3 |       |       ||     3
       Paralysed         |       |       |       |     1 |     2 |       ||     3
       Held in net/web   |       |       |       |       |     4 |       ||     4
       Invisible         |       |       |       |       |       |     2 ||     2
  Eat: Chunk             |     3 |     8 |    16 |    26 |    25 |     5 ||    83
       Ration            |       |       |     1 |     2 |     3 |     6 ||    12
Armor: Scale mail        |    51 |    56 |       |       |       |       ||   107
       Chain mail        |       |    33 |   212 |       |       |       ||   245
       Leather armour    |       |       |     6 |    20 |       |       ||    26
       Troll leather arm |       |       |       |   206 |   244 |   208 ||   658
       Skin              |       |       |       |       |    57 |    88 ||   145
Dodge: Dodged            |    65 |   137 |   175 |   453 |   498 |   481 ||  1809
Block: Other             |       |       |       |    40 |   178 |   115 ||   333
       Reflection        |       |       |       |     1 |    22 |     5 ||    28
